 Dungeon Crawl Stone Soup version 0.29-a0-322-g68df515428 (webtiles) character file.

Game seed: 6957003075264784197

2031 HotDog the Cleaver (level 9, 0/78 HPs)
             Began as a Hill Orc Fighter on Apr 6, 2022.
             Was a Follower of Qazlal.
             Succumbed to a water moccasin's poison
             ... on level 6 of the Dungeon.
             The game lasted 00:08:46 (8633 turns).

HotDog the Cleaver (Hill Orc Fighter)               Turns: 8633, Time: 00:08:48

Health: 0/78       AC: 11    Str: 23    XL:     9   Next: 23%
Magic:  12/12      EV:  8    Int:  8    God:    Qazlal [*.....]
Gold:   284        SH:  6    Dex: 10    Spells: 8/8 levels left

rFire   + . .      SeeInvis +   a - +1 war axe
rCold   . . .      Faith    .   c - +0 buckler
rNeg    . . .      Spirit   .   h - +0 chain mail
rPois   .          Reflect  .   (no helmet)
rElec   .          Harm     .   t - +0 cloak
rCorr   .          Rampage  .   (no gloves)
Will    .....                   (no boots)
Stlth   ..........              (no amulet)
HPRegen 0.23/turn               l - ring of see invisible
MPRegen 0.13/turn               q - ring of protection from fire

@: lethally poisoned (0 -> -10)
A: screaming 1
a: Renounce Religion


You were on level 6 of the Dungeon.
You worshipped Qazlal.
Qazlal was aware of your devotion.
You visited 2 branches of the dungeon, and saw 7 of its levels.
You also visited: Sewer.

You collected 284 gold pieces.

Inventory:

Hand Weapons
 a - a +1 war axe (weapon)
Missiles
 r - a throwing net (quivered)
Armour
 c - a +0 buckler (worn)
 h - a +0 chain mail (worn)
 t - a +0 cloak (worn)
Jewellery
 l - a ring of see invisible (left hand)
 q - a ring of protection from fire (right hand)
 w - a ring of flight
Wands
 v - a wand of iceblast (19)
Scrolls
 b - 4 scrolls of identify
 i - a scroll of magic mapping {unknown}
 k - a scroll of blinking
 p - 2 scrolls of fog
 u - 4 scrolls of teleportation
 y - a scroll of immolation
Potions
 d - a potion of degeneration
 e - 4 potions of lignification
 f - a potion of brilliance
 g - a potion of magic {unknown}
 j - a potion of invisibility
 m - a potion of curing {unknown}
 n - a potion of attraction
 o - a potion of haste
 s - 2 potions of ambrosia {unknown}
 x - a potion of cancellation {unknown}


   Skills:
 * Level 6.6 Fighting
 * Level 9.7 Axes
 * Level 6.5 Armour
 * Level 2.8 Dodging
 * Level 5.1 Shields
 * Level 4.7 Invocations


You had 8 spell levels left.
You didn't know any spells.
Your spell library was empty.

Dungeon Overview and Level Annotations

Branches:
Dungeon (6/15)             Temple (1/1) D:4           Sewer (visited)

Altars:
Ashenzari
Dithmenos
Fedhas
Kikubaaqudgha
Makhleb
Nemelex Xobeh
Okawaru
Qazlal
Sif Muna
Uskayaw
Wu Jian
Zin
The Shining One


Innate Abilities, Weirdness & Mutations

You occasionally shout uncontrollably at your foes.


Message History

You are too injured to fight recklessly!
Unknown command.
You are too injured to fight recklessly!
You hit the ogre but do no damage.
The ogre is moderately wounded.
You slash the iguana!
You kill the iguana!
Qazlal accepts your kill.
You miss the water moccasin.
You feel sick. The ogre closely misses you. The water moccasin bites you.
You are too injured to fight recklessly!
You slash the ogre!
The ogre is almost dead.
You slash the water moccasin!
You feel sick.
The water moccasin bites you but does no damage.
The ogre closely misses you. The water moccasin bites you.
* * * LOW HITPOINT WARNING * * *
You are more poisoned.
The water moccasin poisons you!
You are too injured to fight recklessly!
You hit the ogre.
The ogre is almost dead.
You hit the water moccasin.
You feel very sick. The water moccasin barely misses you.
You completely miss the ogre.
The ogre is almost dead.
You hit the water moccasin.
You feel very sick. The water moccasin bites you.
* * * LOW HITPOINT WARNING * * *
The ogre hits you with a +0 giant spiked club!
* * * LOW HITPOINT WARNING * * *
You slash the ogre!
You kill the ogre!
Qazlal accepts your kill.
You are now surrounded by a storm.
You slash the water moccasin!
You kill the water moccasin!
Qazlal accepts your kill.
You die...

........### ##.#
#.#. .#####..#
#.. #.#. #..# ...
#.#.
#..####.###..#.#.
#......... ..#.#.
#.#####.#. #.#.
#.# ##
########'####
#.....†@....#
#.....).....'...
#...........#...
#...........# ..
#...........#
#...........#
#...........#
#...........#


There were no monsters in sight!

Vanquished Creatures
  Pikel (D:4)
  Grinder (D:5)
  Sigmund (D:5)
  A shadow (D:6)
  A water moccasin (D:6)
  A sky beast (D:4)
  A black bear (D:4)
  2 ogres
  A phantom (D:5)
  3 lemures
  2 kobold brigands (Sewer)
  A necrophage (D:5)
  A scorpion (D:3)
  Crazy Yiuf (D:5)
  A hound (D:5)
  A jelly (D:4)
  4 iguanas
  Robin (D:2)
  13 adders
  A gnoll (D:1)
  A river rat (D:4)
  A white imp (D:5)
  9 worms
  A dart slug (D:1)
  15 orcs
  10 ball pythons
  6 bats
  13 endoplasms
  3 giant cockroaches
  12 goblins
  6 hobgoblins
  4 jackals (D:2)
  4 quokkas
  2 frilled lizards
  14 kobolds
  12 rats
152 creatures vanquished.

Vanquished Creatures (others)
  A fungus (D:3)
1 creature vanquished.

Grand Total: 153 creatures vanquished

Notes
Turn   | Place    | Note
-------+----------+-------------------------------------------
     0 | D:1      | HotDog the Hill Orc Fighter began the quest for the Orb.
     0 | D:1      | Reached XP level 1. HP: 19/19 MP: 1/1
   228 | D:1      | Reached XP level 2. HP: 16/27 MP: 2/2
   920 | D:1      | Reached skill level 3 in Axes
   947 | D:1      | Reached skill level 1 in Invocations
   947 | D:1      | Reached XP level 3. HP: 33/33 MP: 3/3
  1459 | D:2      | Noticed Robin
  1467 | D:2      | Reached XP level 4. HP: 14/40 MP: 4/4
  1470 | D:2      | Killed Robin
  1672 | D:2      | Reached skill level 4 in Axes
  1672 | D:2      | Reached skill level 1 in Dodging
  2438 | D:2      | Reached XP level 5. HP: 32/46 MP: 6/6
  2739 | D:2      | Identified the +3 dagger of Myhaepuh {freeze, Str+3}
  2935 | D:3      | Found a faded altar of an unknown god.
  3097 | D:3      | Found a glowing golden altar of the Shining One.
  3100 | D:3      | Found a shadowy altar of Dithmenos.
  3426 | D:3      | Reached skill level 5 in Axes
  3648 | D:3      | Found an iron altar of Okawaru.
  3912 | D:4      | Reached XP level 6. HP: 35/53 MP: 7/7
  3996 | D:4      | Found a glowing drain.
  4013 | Sewer    | Entered a sewer
  4656 | Sewer    | Reached skill level 6 in Axes
  4785 | Sewer    | Gained mutation: You expend magic power (3 MP) to
                  | strengthen your wands. [potion of mutation]
  4785 | Sewer    | Gained mutation: You are somewhat resistant to further
                  | mutation. [potion of mutation]
  4786 | Sewer    | Lost mutation: You expend magic power (3 MP) to strengthen
                  | your wands. [potion of mutation]
  4786 | Sewer    | Lost mutation: You are somewhat resistant to further
                  | mutation. [potion of mutation]
  4786 | Sewer    | Gained mutation: You occasionally shout uncontrollably at
                  | your foes. [potion of mutation]
  5170 | Sewer    | Reached XP level 7. HP: 60/60 MP: 9/9
  5359 | D:4      | Found a staircase to the Ecumenical Temple.
  5364 | D:4      | Noticed Pikel
  5382 | Temple   | Entered the Ecumenical Temple
  5397 | Temple   | HP: 3/60 [lemure[Pikel] (4)]
  5656 | Temple   | Became a worshipper of Qazlal Stormbringer
  5715 | D:4      | Killed Pikel
  5716 | D:4      | Reached skill level 5 in Fighting
  5716 | D:4      | Reached skill level 7 in Axes
  5716 | D:4      | Reached skill level 5 in Armour
  5716 | D:4      | Reached XP level 8. HP: 59/69 MP: 10/10
  6470 | D:4      | Reached skill level 8 in Axes
  6894 | D:5      | Entered Level 5 of the Dungeon
  7122 | D:5      | Found a blossoming altar of Fedhas.
  7123 | D:5      | Found an ancient bone altar of Kikubaaqudgha.
  7152 | D:5      | Found a runed translucent door.
  7153 | D:5      | Noticed Crazy Yiuf
  7282 | D:5      | Reached * piety under Qazlal
  7337 | D:5      | Found a shimmering blue altar of Sif Muna.
  7372 | D:5      | Noticed Sigmund
  7404 | D:5      | Killed Sigmund
  7817 | D:5      | Noticed Grinder
  7822 | D:5      | Killed Grinder
  7823 | D:5      | Reached skill level 9 in Axes
  7823 | D:5      | Reached XP level 9. HP: 48/78 MP: 12/12
  7981 | D:5      | Reached skill level 5 in Shields
  8308 | D:5      | Killed Crazy Yiuf
  8632 | D:6      | HP: 2/78 [ogre/+0 giant spiked club (12)]
  8633 | D:6      | Succumbed to a water moccasin's poison

Illustrated notes

Levels and vault maps discovered:
D:1:      denvon_arrival_planthouse, layout_basic, roderic_roman_lattice
D:2:      layout_rooms, palyth_stone_intersect, minmay_pentomino_z2, uniq_robin
D:3:      layout_loops_ring, nicolae_overflow_squiral,
          kennysheep_okawaru_gauntlet, shapermc_ecumenical_altar_acropolis,
          minmay_quantized
D:4:      layout_gridville, minmay_temple_entry_waves, gup_sewer_entry_bubbles,
          uniq_pikel
D:5:      layout_loops_cross, grunt_temple_overflow_growth_and_decay,
          kennysheep_mini_moat, uniq_grinder, uniq_sigmund,
          uniq_crazy_yiuf_cottage
D:6:      layout_basic, mainiacjoe_overflow_swirl
Temple:   oiseaux_autumnal_temple

Skill      XL: |  1  2  3  4  5  6  7  8  9 |
---------------+----------------------------+-----
Axes           | 3 4 5 6 7 9 |  9.7
Invocations    | 1 2 3 4 |  4.7
Fighting       | 4 5 6 |  6.6
Dodging        | 1 2 |  2.8
Armour         | 4 5 6 |  6.5
Shields        | 4 5 |  5.1

Action                   |  1- 3 |  4- 6 |  7- 9 || total
-------------------------+-------+-------+-------++-------
Melee: War axe           |    88 |   301 |   251 ||   640
  Use: Scroll            |     6 |    10 |       ||    16
       Potion            |       |     3 |     6 ||     9
Armor: Chain mail        |    65 |   168 |   120 ||   353
       Scale mail        |     4 |       |       ||     4
       Skin              |       |       |    25 ||    25
Dodge: Dodged            |    30 |   118 |    94 ||   242
Block: Buckler           |    20 |    43 |    52 ||   115

Table legend: (Time is in decaauts)
 A = Elapsed time spent in this place.
 B = Non-inter-level travel time spent in this place.
 C = Inter-level travel time spent in this place.
 D = Time resting spent in this place.
 E = Time spent auto-exploring this place.
 F = Levels seen in this place.
 G = Mean time per level.
                   A        B        C        D        E       F      G
               +--------+--------+--------+--------+--------+-----+--------+
         Total |   8942 |   8757 |    185 |   1703 |   5610 |   8 | 1117.8 |
       Dungeon |   7132 |   6967 |    165 |   1499 |   4366 |   6 | 1188.7 |
        Temple |    331 |    311 |     20 |    204 |     58 |   1 |  331.0 |
         Sewer |   1478 |   1478 |      0 |      0 |   1185 |   1 | 1478.0 |
               +--------+--------+--------+--------+--------+-----+--------+

Top non-repeatable levels by time:
     D:4: 1632 daAuts
     D:2: 1589 daAuts
     D:5: 1482 daAuts
   Sewer: 1478 daAuts
     D:1: 1322 daAuts
     D:3: 852 daAuts
  Temple: 331 daAuts
     D:6: 252 daAuts
